 Dungeon Crawl Stone Soup version 0.22.1-1-ga44c0e5 (webtiles) character file.

140 Fang the Chopper (level 5, 0/49 HPs)
             Began as a Gargoyle Berserker on Oct 2, 2018.
             Was a Believer of Trog.
             Slain by a gnoll (3 damage)
             ... on level 2 of the Dungeon.
             The game lasted 00:05:22 (2200 turns).

Fang the Chopper (Gargoyle Berserker)               Turns: 2200, Time: 00:05:23

Health: 0/49       AC:  6    Str: 26    XL:     5   Next: 22%
Magic:  0/5        EV: 12    Int:  8    God:    Trog [**....]
Gold:   98         SH:  0    Dex:  9    Spells: 4/4 levels left

rFire    . . .     SeeInvis .   a - +0 hand axe
rCold    . . .     Gourm    .   (no shield)
rNeg     + . .     Faith    .   b - +0 animal skin
rPois    ∞         Spirit   +   (no helmet)
rElec    +         Reflect  .   g - scarf {Spirit}
rCorr    .         Harm     .   (no gloves)
MR       .....                  (no boots)
Stlth    ..........             (no amulet)
HPRegen  0.16/turn              (no ring)
MPRegen  0.09/turn              (no ring)

@: berserking (expiring), very quick
A: negative energy resistance 1, electricity resistance, unbreathing,
petrification resistance, rot immunity, AC +4
a: Berserk, Trog's Hand, Renounce Religion


You were on level 2 of the Dungeon.
You worshipped Trog.
Trog was pleased with you.
You were very hungry.

You visited 1 branch of the dungeon, and saw 2 of its levels.

You collected 98 gold pieces.

Inventory:

Hand Weapons
 a - a +0 hand axe (weapon)
Armour
 b - a +0 animal skin (worn)
 g - a scarf of spirit shield (worn)
Scrolls
 d - a scroll of fog {unknown}
 e - a scroll of random uselessness {unknown}
 f - 3 scrolls of remove curse {unknown}
 i - a scroll of enchant armour {unknown}
 n - a scroll of identify {unknown}
 p - a scroll of immolation {unknown}
Potions
 j - a potion of mutation {unknown}
 k - 2 potions of curing {unknown}
 l - a potion of lignification {unknown}
 m - 2 potions of heal wounds {unknown}
 o - a potion of flight {unknown}
Comestibles
 c - 2 rations


   Skills:
 + Level 4.0 Fighting
 + Level 4.2 Axes
 + Level 2.3 Armour
 + Level 2.4 Dodging
 + Level 0.4 Stealth


You had 4 spell levels left.
You didn't know any spells.
Your spell library was empty.

Dungeon Overview and Level Annotations

Branches:
Dungeon (2/15)

Altars:
Fedhas


Innate Abilities, Weirdness & Mutations

You are resistant to torment.
Your stone body is resilient. (AC +4)
You are immune to poison.
You resist negative energy. (rN+)
You are resistant to electric shocks. (rElec)
You can survive without breathing.
You are immune to petrification.
You are immune to rotting.


Message History

The gnoll hits you with a spear.
* * * LOW HITPOINT WARNING * * *
You see here a whip of freezing.
Unknown command.
You feel a strong urge to attack something.
You slash the gnoll!
The gnoll is severely wounded.
You hit the gnoll. The gnoll hits you with a spear.
* * * LOW HITPOINT WARNING * * *
The gnoll misses you.
Unknown command.
You slash the gnoll!
You kill the gnoll!
Trog accepts your kill.
You barely miss the gnoll. You slash the gnoll!
You kill the gnoll!
Trog accepts your kill. The gnoll barely misses you. The gnoll hits you.
You die...

..... ..# #. ..#
#...# ..# #...# ..#
#...# ..# #.$.# ..#
#...######## ..#
#..........# ..#
+...)@.....# ###
#...g......#
############†########
#..........†.#
###......).....#
...............#
...†...........#
...............#
...............#


You could see a gnoll.

Vanquished Creatures
  Jessica (D:2)
  3 adders (D:2)
  3 gnolls (D:2)
  2 worms (D:2)
  4 dart slugs
  2 leopard geckos (D:2)
  A ball python (D:1)
  3 bats
  2 giant cockroaches (D:1)
  5 goblins
  6 hobgoblins
  3 jackals (D:2)
  A kobold (D:2)
  A quokka (D:2)
  2 frilled lizards
  4 rats
43 creatures vanquished.

Vanquished Creatures (others)
  A plant (D:1)
1 creature vanquished.

Grand Total: 44 creatures vanquished

Notes
Turn   | Place    | Note
-------+----------+-------------------------------------------
     0 | D:1      | Fang the Gargoyle Berserker began the quest for the Orb.
     0 | D:1      | Reached XP level 1. HP: 14/14 MP: 1/1
   142 | D:1      | Reached XP level 2. HP: 19/19 MP: 2/2
   755 | D:1      | Reached XP level 3. HP: 18/24 MP: 3/3
  1751 | D:2      | Reached XP level 4. HP: 13/29 MP: 2/4
  2027 | D:2      | Noticed Jessica
  2035 | D:2      | Killed Jessica
  2105 | D:2      | Reached ** piety under Trog
  2119 | D:2      | Found a blossoming altar of Fedhas.
  2195 | D:2      | Reached XP level 5. HP: 12/33 MP: 2/5
  2200 | D:2      | Slain by a gnoll

Skill      XL: |  1  2  3  4 |
---------------+-------------+-----
Axes           | 3 4 |  4.2
Dodging        | 2 |  2.4
Fighting       | 4 |  4.0
Armour         | |  2.3
Stealth        | |  0.4

Action                   |  1- 3 |  4- 6 || total
-------------------------+-------+-------++-------
Melee: Hand axe          |   157 |    47 ||   204
Invok: Berserk           |     1 |     1 ||     2
 Stab: Sleeping          |       |     1 ||     1
  Eat: Chunk             |     3 |     2 ||     5
Armor: Animal skin       |    44 |    13 ||    57
Dodge: Dodged            |    64 |    44 ||   108
